 Dungeon Crawl Stone Soup version 0.31-a0-1074-g0b22e4e0f1 (webtiles) character file.

Game seed: 13869064238128705193

12 nethackin the Trooper (level 2, 0/33 HPs)
             Began as an Ogre Berserker on Nov 29, 2023.
             Was a Follower of Trog.
             Slain by Sigmund
             ... wielding a +2 scythe of freezing
              (12 damage)
             ... on level 2 of the Dungeon.
             The game lasted 00:04:15 (229 turns).

nethackin the Trooper (Ogre Berserker)               Turns: 229, Time: 00:04:15

Health: 0/33       AC:  3    Str: 20    XL:     2   Next: 33%
Magic:  2/2        EV: 10    Int:  8    God:    Trog [*.....]
Gold:   9          SH:  0    Dex:  8    Spells: 1/1 levels left

rFire   . . .        a - +0 hand axe
rCold   . . .        (no shield)
rNeg    . . .        b - +0 animal skin
rPois   .            (helmet restricted)
rElec   .            (no cloak)
rCorr   .            (gloves unavailable)
SInv    .            (boots unavailable)
Will    .....        (no amulet)
Stlth   +            (no ring)
HPRegen 0.25/turn    (no ring)
MPRegen 0.08/turn

%: no passive effects
@: confused
A: large, unfitting armour, tough skin 1
a: Renounce Religion, Berserk


You were on level 2 of the Dungeon.
You worshipped Trog.
Trog was aware of your devotion.
You visited 1 branch of the dungeon, and saw 2 of its levels.

You collected 9 gold pieces.

Inventory:

Hand Weapons
 a - a +0 hand axe (weapon)
 g - a +0 club
Armour
 b - a +0 animal skin (worn)
 e - a +0 chain mail
Talismans
 f - a maw talisman
Scrolls
 c - a scroll of fog {unknown}
Potions
 d - a potion of haste {unknown}


   Skills:
 + Level 4.3 Fighting
 + Level 3.2 Axes
 + Level 2.9 Dodging


You had one spell level left.
You didn't know any spells.
Your spell library was empty.

Dungeon Overview and Level Annotations

Branches:
Dungeon (2/15)

Altars:

Annotations:
D:2 Sigmund


Innate Abilities, Weirdness & Mutations

You are too large for most types of armour.
You have tough skin. (AC +1)


Message History

You hit the giant cockroach.
You kill the giant cockroach!
Trog accepts your kill.
You see here a +0 club.
There is a stone staircase leading down here.
You climb downwards.
Sigmund shouts!
There is a stone staircase leading up here.
The rat bites you.
You slash the rat!
You kill the rat!
Trog accepts your kill.
You hit the rat but do no damage. The rat bites you.
Sigmund flickers, as though insubstantial.
Sigmund hits you from afar with a +2 scythe of freezing.
Sigmund freezes you.
You barely miss the rat. The rat bites you but does no damage.
You barely miss the rat.
Sigmund hits you from afar with a +2 scythe of freezing.
Sigmund freezes you. The rat bites you.
You hit the rat but do no damage. Sigmund casts a spell at you.
You are confused.
The rat bites you.
You closely miss the rat. Sigmund closely misses you. The rat bites you.
The rat attacks as it pursues you! The rat bites you.
Sigmund mumbles some strange words.
Sigmund flickers and vanishes!
Deactivating autopickup; reactivate with Ctrl-A.
The rat misses you.
You feel less confused. The rat bites you.
Something hits you but does no damage.
You slash the rat!
You kill the rat!
Trog accepts your kill. Something hits you. Something freezes you.
You hear some strange, mumbled words.
You are confused.
Something hits you!
You die...

#########
##...#...##
#.........##
.......†...#
...........#
.......<.†.#
#.......@.##
##.......##
##...####
....#.
######


There were no monsters in sight!

Vanquished Creatures
  A bat (D:1)
  A giant cockroach (D:1)
  4 goblins (D:1)
  A quokka (D:1)
  A frilled lizard (D:1)
  3 rats
11 creatures vanquished.

Notes
Turn   | Place    | Note
-------+----------+-------------------------------------------
     0 | D:1      | nethackin the Ogre Berserker began the quest for the Orb.
     0 | D:1      | Reached XP level 1. HP: 24/24 MP: 1/1
   153 | D:1      | Reached XP level 2. HP: 30/32 MP: 2/2
   215 | D:2      | Noticed Sigmund
   229 | D:2      | Slain by Sigmund

Illustrated notes

Levels and vault maps discovered:
D:1:      dpeg_arrival_brainrot, layout_loops_ring
D:2:      layout_rooms, uniq_sigmund, uniq_jessica

Action                     || total
---------------------------++-------
  Melee: Hand axe          ||    36
 Armour: Animal skin       ||    41
  Dodge: Dodged            ||    26

Table legend: (Time is in decaauts)
 A = Elapsed time spent in this place.
 B = Non-inter-level travel time spent in this place.
 C = Inter-level travel time spent in this place.
 D = Time resting spent in this place.
 E = Time spent auto-exploring this place.
 F = Levels seen in this place.
 G = Mean time per level.
                   A        B        C        D        E       F      G
               +--------+--------+--------+--------+--------+-----+--------+
         Total |    234 |    234 |      0 |      0 |      0 |   2 |  117.0 |
       Dungeon |    234 |    234 |      0 |      0 |      0 |   2 |  117.0 |
               +--------+--------+--------+--------+--------+-----+--------+

Top non-repeatable levels by time:
     D:1: 219 daAuts
     D:2: 14 daAuts
